 Dungeon Crawl Stone Soup version 0.30.1-9-gdf580d7c3d (webtiles) character file.

Game seed: 4543173033554997965

4423 Emberosity the Cudgeller (level 10, -1/98 HPs)
             Began as a Troll Berserker on Oct 13, 2023.
             Was a High Priest of Trog.
             Slain by a killer bee (3 damage)
             ... on level 8 of the Dungeon on Oct 14, 2023.
             The game lasted 01:02:38 (7875 turns).

Emberosity the Cudgeller (Troll Berserker)          Turns: 7875, Time: 01:02:38

Health: -1/98      AC:  8    Str: 39    XL:     10   Next: 14%
Magic:  9/9        EV: 11    Int:  3    God:    Trog [*****.]
Gold:   570        SH:  0    Dex:  9    Spells: 9/9 levels left

rFire   . . .        C - +0 giant spiked club
rCold   . . .        (shield currently unavailable)
rNeg    + . .        m - +3 robe of the Hall of Blades {rN+ Str+2}
rPois   .            (helmet restricted)
rElec   .            x - +0 cloak
rCorr   .            (gloves unavailable)
SInv    .            (boots unavailable)
Will    .....        (no amulet)
Stlth   +            k - +4 ring of slaying
HPRegen 1.16/turn    y - +6 ring of strength
MPRegen 0.11/turn

%: no passive effects
@: lethally poisoned (-1 -> -8), on berserk cooldown, slowed, very slow
A: large, unfitting armour, claws 3, regeneration 1, shaggy fur 1, tough skin 1
a: Renounce Religion, Berserk, Trog's Hand, Brothers in Arms


You were on level 8 of the Dungeon.
You worshipped Trog.
Trog was extremely pleased with you.
You visited 2 branches of the dungeon, and saw 10 of its levels.

You collected 570 gold pieces.

Inventory:

Hand Weapons
 d - the +5 short sword of the Wolf {antimagic, Fly rF+ Int-4}
   (You found it on level 4 of the Dungeon)

   Int:       It affects your intelligence (-4).
   rF:        It protects you from fire.
   Fly:       It grants you flight.
 t - a +1 mace
 C - a +0 giant spiked club (weapon)
Armour
 m - the +3 robe of the Hall of Blades (worn) {rN+ Str+2}
   (You found it on level 3 of the Dungeon)

   Str:       It affects your strength (+2).
   rN:        It protects you from negative energy.
 u - +0 acid dragon scales
 x - a +0 cloak (worn)
Jewellery
 k - a +4 ring of slaying (left claw)
 p - a ring of see invisible
 q - a ring of resist corrosion
 r - a ring of protection from fire
 y - a +6 ring of strength (right claw)
 J - a ring of poison resistance
Wands
 b - a wand of quicksilver (8)
 s - a wand of roots (12)
 w - a wand of digging (3)
 B - a wand of flame (28)
Scrolls
 g - 5 scrolls of teleportation {unknown}
 i - a scroll of fog {unknown}
 l - 2 scrolls of magic mapping {unknown}
 n - 4 scrolls of enchant weapon {unknown}
 o - 2 scrolls of poison {unknown}
 D - a scroll of amnesia {unknown}
 E - 3 scrolls of enchant armour {unknown}
 F - a scroll of blinking
 H - a scroll of brand weapon {unknown}
 I - a scroll of butterflies {unknown}
 K - a scroll of identify
Potions
 a - a potion of haste {unknown}
 c - 4 potions of might
 e - 4 potions of curing
 f - a potion of invisibility {unknown}
 h - 2 potions of attraction {unknown}
 j - 3 potions of flight
 v - 2 potions of degeneration {unknown}
 z - 3 potions of lignification
 A - a potion of mutation {unknown}
 G - a potion of brilliance {unknown}


   Skills:
 - Level 6.1 Fighting
 - Level 2.2 Short Blades
 + Level 7.7 Maces & Flails
 - Level 4.6 Armour
 - Level 5.3 Dodging
 - Level 4.8 Unarmed Combat
 - Level 2.4 Evocations


You had 9 spell levels left.
You didn't know any spells.
Your spell library was empty.

Dungeon Overview and Level Annotations

Branches:
Dungeon (9/15)             Temple (1/1) D:6             Orc (0/2) D:9
   Lair: D:8-11

Altars:
Ashenzari
Cheibriados
Dithmenos
Elyvilon
Fedhas
Gozag
Hepliaklqana
Kikubaaqudgha
Makhleb
Nemelex Xobeh
Okawaru
Qazlal
Ru
Trog
Uskayaw
Vehumet
Wu Jian
Xom
Yredelemnul
Zin
The Shining One


Innate Abilities, Weirdness & Mutations

You are too large for most types of armour.
You have claws for hands.
Your natural rate of healing is unusually fast.
You are covered in fur. (AC +1)
You have tough skin. (AC +1)


Message History

You feel very sick. The killer bee barely misses you.
The killer bee stings you.
The killer bee stings you but does no damage.
The killer bee stings you!
You are more poisoned.
The killer bee poisons you!
The killer bee stings you but does no damage.
The killer bee misses you.
The killer bee stings you but does no damage.
The killer bee barely misses you. x2; The killer bee stings you.
You feel very sick. The killer bee stings you.
You are more poisoned.
The killer bee poisons you!
The killer bee stings you but does no damage. x2
The killer bee stings you.
Unknown command.
You feel a strong urge to attack something.
You feel very sick. The killer bee closely misses you.
The killer bee barely misses you.
You feel very sick. The killer bee barely misses you.
There is a stone staircase leading up here.
You feel your anger nearly subside.
You are no longer berserk.
You are exhausted.
You feel yourself slow down.
You feel very sick. The killer bee barely misses you.
You climb upwards.
You feel extremely sick.
There is a stone staircase leading down, spattered with blood here.
You feel very sick. The killer bee stings you!
* * * LOW HITPOINT WARNING * * *
The killer bee stings you.
* * * LOW HITPOINT WARNING * * *
You are lethally poisoned!
The killer bee poisons you! The killer bee closely misses you.
The killer bee barely misses you. The killer bee stings you.
You die...

.###......................# #....
....#########.PPP.##......###....
###'#### #..._..#..####........
.......## #....P.#..#########...
........## #............†....'...
.........###.........#########...
########..####+#.....# #...
##.)....#..#..# #...
######..@y...###########'
#.##y#..#......<# #.
#.......#.##..#####.
#.##.####.##..# #... #.##.#
#.....# #.## #.#### #####.# #.#
### #.###.# #.....# #######


You could see 2 killer bees.

Vanquished Creatures
  Maggie (D:6)
  A wyvern (D:8)
  A vampire (D:8)
  A wraith (D:8)
  Eustachio (D:4)
  3 yaks (D:8)
  A two-headed ogre zombie (D:9)
  2 water moccasins
  Duvessa (D:4)
  2 orc warriors
  An ice beast (D:5)
  3 black bears
  2 ogres
  2 centaurs
  2 phantoms
  2 bullfrogs
  4 scorpions
  5 killer bees (D:8)
  Dowan (D:4)
  2 jellies
  Crazy Yiuf (D:5)
  2 orc priests
  A hound (D:6)
  2 sleepcaps
  An iguana (D:4)
  Ijyb (D:5)
  12 orc wizards
  6 ogre zombies (D:9)
  8 gnolls
  6 adders
  A shadow imp (D:6)
  4 white imps
  3 ufetubi
  A worm (D:3)
  A dart slug (D:5)
  31 orcs
  5 endoplasms
  5 giant cockroaches
  37 goblins
  33 hobgoblins
  7 jackals (D:1)
  7 kobolds
  3 quokkas
  6 ball pythons
  3 bats
  5 frilled lizards
  A goblin zombie (D:9)
  2 hobgoblin skeletons (D:9)
  3 hobgoblin zombies (D:9)
  3 orc skeletons (D:9)
  10 orc zombies (D:9)
  6 rats
255 creatures vanquished.

Notes
Turn   | Place    | Note
-------+----------+-------------------------------------------
     0 | D:1      | Emberosity the Troll Berserker began the quest for the Orb.
     0 | D:1      | Reached XP level 1. HP: 22/22 MP: 0/0
    36 | D:1      | Found a faded altar of an unknown god.
   103 | D:1      | Reached XP level 2. HP: 27/29 MP: 1/1
   347 | D:1      | Reached ** piety under Trog
   348 | D:1      | Reached XP level 3. HP: 36/36 MP: 2/2
  1111 | D:2      | Reached skill level 1 in Armour
  1367 | D:3      | Noticed a water moccasin
  1376 | D:3      | Killed a water moccasin
  1377 | D:3      | Reached XP level 4. HP: 46/46 MP: 3/3
  1377 | D:3      | Reached XP level 5. HP: 53/53 MP: 4/4
  1510 | D:3      | Identified the +3 robe of the Hall of Blades {rN+ Str+2}
  1881 | D:3      | Found a shadowy altar of Dithmenos.
  2088 | D:4      | Noticed Eustachio
  2094 | D:4      | Killed Eustachio
  2095 | D:4      | Reached XP level 6. HP: 62/62 MP: 5/5
  2165 | D:4      | Noticed Duvessa
  2165 | D:4      | Noticed Dowan
  2175 | D:4      | Killed Dowan
  2178 | D:4      | Killed Duvessa
  2397 | D:4      | Identified the +5 short sword of the Wolf {antimagic, Fly
                  | rF+ Int-4}
  2470 | D:4      | Found a white marble altar of Elyvilon.
  2553 | D:4      | Reached XP level 7. HP: 71/71 MP: 6/6
  2573 | D:4      | Reached *** piety under Trog
  2942 | D:5      | Entered Level 5 of the Dungeon
  3095 | D:5      | Reached skill level 1 in Short Blades
  3406 | D:5      | Reached **** piety under Trog
  3537 | D:5      | Reached skill level 1 in Maces & Flails
  3655 | D:5      | Reached skill level 5 in Fighting
  3785 | D:5      | Reached XP level 8. HP: 68/80 MP: 7/7
  3917 | D:5      | Found a sparkling altar of Nemelex Xobeh.
  3921 | D:5      | Found a radiant altar of Vehumet.
  3922 | D:5      | Found a sacrificial altar of Ru.
  3922 | D:5      | Found a blossoming altar of Fedhas.
  3923 | D:5      | Found a glowing silver altar of Zin.
  3923 | D:5      | Found a stormy altar of Qazlal.
  3998 | D:5      | Noticed Ijyb
  4000 | D:5      | Killed Ijyb
  4059 | D:5      | Reached skill level 2 in Maces & Flails
  4310 | D:5      | Found a runed translucent door.
  4311 | D:5      | Noticed Crazy Yiuf
  4317 | D:5      | Killed Crazy Yiuf
  4834 | D:6      | Noticed Maggie
  4848 | D:6      | Killed Maggie
  4849 | D:6      | Reached skill level 1 in Evocations
  4913 | D:6      | Reached skill level 3 in Maces & Flails
  5029 | D:6      | Reached XP level 9. HP: 81/89 MP: 8/8
  5041 | D:6      | Found a snail-covered altar of Cheibriados.
  5095 | D:6      | Reached skill level 5 in Dodging
  5149 | D:6      | Found a staircase to the Ecumenical Temple.
  5643 | Temple   | Entered the Ecumenical Temple
  6189 | D:7      | Found an ornate altar of the Wu Jian Council.
  6664 | D:8      | Found a hazy altar of Hepliaklqana.
  6850 | D:8      | Found a shimmering altar of Xom.
  6852 | D:8      | Found a shimmering altar of Xom.
  6855 | D:8      | Found a shimmering altar of Xom.
  6862 | D:8      | Reached skill level 4 in Maces & Flails
  6871 | D:8      | Reached ***** piety under Trog
  6872 | D:8      | Reached skill level 5 in Maces & Flails
  6945 | D:8      | Reached skill level 6 in Maces & Flails
  7203 | D:8      | Found a bloodstained altar of Trog.
  7469 | D:9      | Reached skill level 7 in Maces & Flails
  7469 | D:9      | Reached XP level 10. HP: 98/98 MP: 9/9
  7667 | D:9      | Found a staircase to the Orcish Mines.
  7748 | D:9      | Received a gift from Trog
  7875 | D:8      | HP: 2/98 [killer bee (6)]
  7875 | D:8      | Slain by a killer bee

Illustrated notes

Levels and vault maps discovered:
D:1:      minmay_arrival_checkered_box, layout_rooms,
          hellmonk_ecumenical_altar_run_dry, minmay_misc_feat_encased,
          kennysheep_flooded_box, minmay_nonomino_d4
D:2:      layout_loops_cross, amcnicky_mini_corridor_feature, grunt_decor_cap,
          kennysheep_big_empty_room, minmay_misc_feat_diagonals, minivault_19
D:3:      layout_basic, nicolae_dithmenos_through_a_glass_darkly,
          chequers_serial_rivers_micro_d, minivault_4, grunt_decor_mini_mirrors
D:4:      layout_basic, nicolae_elyvilon_peaceful_grove,
          kennysheep_generic_room_7, uniq_eustachio, uniq_duvessa
D:5:      minmay_goblin_kobold_castle, layout_basic, grunt_temple_overflow_open,
          uniq_ijyb, uniq_crazy_yiuf_cottage
D:6:      layout_rooms, marbit_many_paths, minmay_temple_entry_tees, uniq_maggie
D:7:      layout_cave_pods, nzn_wu_jian_council_hall
D:8:      layout_basic, trog_ov_bears_minmay, nicolae_hepliaklqana_hippocampus,
          xom_redecorated, palyth_stone_intersect
D:9:      layout_basic, zombieorc2_lemuel, serial_shops, shop_fountains
Temple:   hellmonk_temple_beads

Skill      XL: |  1  2  3  4  5  6  7  8  9 |
---------------+----------------------------+-----
Fighting       | 3 4 5 6 |  6.1
Armour         | 1 2 3 4 |  4.6
Dodging        | 3 4 5 |  5.3
Unarmed Combat | 4 |  4.8
Short Blades   | 1 2 |  2.2
Maces & Flails | 1 3 7 |  7.7
Evocations     | 1 2 |  2.4

Action                     |  1- 3 |  4- 6 |  7- 9 | 10-12 || total
---------------------------+-------+-------+-------+-------++-------
  Melee: Unarmed           |   104 |    79 |    39 |       ||   222
         Punch             |     1 |     1 |     1 |       ||     3
         Giant club        |       |       |   271 |       ||   271
         Giant spiked club |       |       |    91 |    95 ||   186
  Throw: Throwing net      |       |       |     2 |       ||     2
 Invoke: Berserk           |     1 |     2 |    11 |     2 ||    16
  Evoke: Wand              |       |       |     2 |       ||     2
    Use: Scroll            |       |     4 |     4 |       ||     8
   Stab: Sleeping          |       |       |     1 |       ||     1
 Armour: Animal skin       |    25 |     2 |       |       ||    27
         Robe              |       |    18 |   352 |    65 ||   435
  Dodge: Dodged            |    49 |    21 |   440 |    87 ||   597
